 Dungeon Crawl Stone Soup version 0.31.0-11-ge490571c62 (webtiles) character file.

Game seed: 12128980859664394308

77 Aneyh the Slasher (level 4, -1/29 HPs)
             Began as a Tengu Monk on Feb 4, 2024.
             Splashed by a jelly's acid (8 damage)
             ... on level 2 of the Dungeon.
             The game lasted 00:01:44 (1526 turns).

Aneyh the Slasher (Tengu Monk)                      Turns: 1526, Time: 00:01:49

Health: -1/29      AC: -13   Str: 11    XL:     4   Next: 34%
Magic:  5/5        EV: 13    Int: 10    God:
Gold:   98         SH:  0    Dex: 19    Spells: 3/3 levels left

rFire   . . .        a - +0 falchion
rCold   . . .        (no shield)
rNeg    . . .        b - +0 robe
rPois   .            (helmet restricted)
rElec   .            f - +0 cloak
rCorr   .            (no gloves)
SInv    .            (boots unavailable)
Will    .....        (no amulet)
Stlth   ++           (no ring)
HPRegen 0.24/turn    (no ring)
MPRegen 0.09/turn

%: acrobat
@: corroded
A: beak, talons 3, acrobatic
a: no special abilities


You were on level 2 of the Dungeon.
You visited 1 branch of the dungeon, and saw 2 of its levels.

You collected 98 gold pieces.

Inventory:

Hand Weapons
 a - a +0 falchion (weapon)
Armour
 b - a +0 robe (worn)
 d - an orb of light
 e - a scarf of resistance
 f - a +0 cloak (worn)
Scrolls
 h - 5 scrolls of identify {unknown}
 j - 2 scrolls of fog {unknown}
Potions
 c - a potion of ambrosia
 g - a potion of resistance {unknown}
 i - a potion of attraction {unknown}
 k - 2 potions of degeneration {unknown}


   Skills:
 + Level 3.7 Fighting
 - Level 5.0 Long Blades
 - Level 3.2 Dodging


You had 3 spell levels left.
You didn't know any spells.
Your spell library was empty.

Dungeon Overview and Level Annotations

Branches:
Dungeon (2/15)

Altars:
Gozag
Hepliaklqana
Qazlal
Wu Jian
Yredelemnul
Zin


Innate Abilities, Weirdness & Mutations

You have a beak for a mouth.
You have claws for feet.
You can magically evade attacks while moving or waiting.


Message History

The endoplasm attacks as it pursues you!
The endoplasm completely misses you.
There is an open door here.
You hit the endoplasm.
The endoplasm is severely wounded.
The endoplasm hits the toadstool.
Something hits the toadstool.
The toadstool is destroyed!
The endoplasm barely misses you.
You hit the endoplasm.
You kill the endoplasm!
You hit the endoplasm.
You kill the endoplasm!
You hit the endoplasm.
You kill the endoplasm!
You barely miss the endoplasm. You claw the endoplasm.
Your peck misses the endoplasm.
The endoplasm is lightly wounded.
The endoplasm closely misses you.
You hit the endoplasm. You peck the endoplasm.
You kill the endoplasm!
You hit the jelly but do no damage.
Your hands burn!
The jelly hits you but does no damage.
You hit the jelly.
Your hands burn!
The jelly is moderately wounded.
The jelly hits you. The acid corrodes you!
You are splashed with acid.
You hit the jelly. The acid corrodes you!
Your hands burn!
Your kick misses the jelly. You peck the jelly, but do no damage.
The jelly is heavily wounded.
The jelly closely misses you.
You hit the jelly but do no damage.
Your hands burn!
You claw the jelly, but do no damage.
The jelly is moderately wounded.
The jelly closely misses you.
You hit the jelly but do no damage. The acid corrodes you!
Your hands burn!
Your kick misses the jelly.
The jelly is moderately wounded.
The jelly hits you.
* * * LOW HITPOINT WARNING * * *
The acid corrodes you!
You are splashed with acid!
You die...

## .# .# .###### ########
#.......
#.÷....########## #..###.
#PPP.P.J##......###.#....
#......#@#.......##.#.##.
#_P_.PJ#.#........).#)##.
#
#..÷JJ.#)#........)......
#
#__._PP#.#'#.[....'...###
# #.J...J#.#.#.....##.#.#
#
#.....P#.#.#....#####.###
#[...J÷##.####### ##.....
################# #.#.#..
##### #####....###.#....


You could see a jelly.

Vanquished Creatures
  2 adders (D:2)
  A ribbon worm (D:2)
  A dart slug (D:1)
  A bat (D:1)
  8 endoplasms
  2 giant cockroaches (D:1)
  5 goblins (D:1)
  A hobgoblin (D:1)
  2 jackals (D:2)
  13 kobolds
  4 quokkas
  4 ball pythons
  2 frilled lizards (D:1)
  3 rats (D:1)
49 creatures vanquished.

Notes
Turn   | Place    | Note
-------+----------+-------------------------------------------
     0 | D:1      | Aneyh the Tengu Monk began the quest for the Orb.
     0 | D:1      | Reached XP level 1. HP: 14/14 MP: 2/2
   421 | D:1      | Reached XP level 2. HP: 16/19 MP: 3/3
   462 | D:1      | Reached skill level 4 in Long Blades
   713 | D:1      | Reached XP level 3. HP: 23/23 MP: 4/4
  1190 | D:2      | Reached skill level 5 in Long Blades
  1287 | D:2      | Reached XP level 4. HP: 16/28 MP: 5/5
  1510 | D:2      | Found a hazy altar of Hepliaklqana.
  1510 | D:2      | Found an ornate altar of the Wu Jian Council.
  1510 | D:2      | Found a stormy altar of Qazlal.
  1510 | D:2      | Found a glowing silver altar of Zin.
  1510 | D:2      | Found a basalt altar of Yredelemnul.
  1510 | D:2      | Found an opulent altar of Gozag.
  1526 | D:2      | Splashed by a jelly's acid

Illustrated notes

Levels and vault maps discovered:
D:1:      dpeg_arrival_simpleton_c, layout_basic, minmay_stone_trees_small,
          grunt_decor_clamped, minmay_misc_feat_plants, st_stairs_8,
          minmay_tetromino_i4
D:2:      cheibrodos_fertilizer, layout_loops_corners, basic_altar

Skill      XL: |  1  2  3 |
---------------+----------+-----
Long Blades    | 4 5 |  5.0
Fighting       | |  3.7
Dodging        | |  3.2

Action                     |  1- 3 |  4- 6 || total
---------------------------+-------+-------++-------
  Melee: Falchion          |    72 |    31 ||   103
         Kick              |    17 |     4 ||    21
         Peck              |     7 |     6 ||    13
   Stab: Sleeping          |     2 |     2 ||     4
 Armour: Robe              |    30 |    16 ||    46
  Dodge: Dodged            |    70 |    17 ||    87
